 Dungeon Crawl Stone Soup version 0.24.0-13-gcf9b3192b9 (webtiles) character file.

Game seed: 2575986217388810535, levelgen mode: classic

146538 EnegeticOcto the Severer (level 16, -2/229 HPs)
             Began as a Deep Dwarf Fighter on Nov 8, 2019.
             Was a High Priest of Makhleb.
             Slain by a slime creature (14 damage)
             ... on level 2 of the Pits of Slime.
             The game lasted 01:11:26 (8557 turns).

EnegeticOcto the Severer (Deep Dwarf Fighter)       Turns: 8557, Time: 01:11:27

Health: -2/229     AC:  5    Str: 38    XL:     16   Next: 25%
Magic:  0/0        EV: 14    Int:  9    God:    Makhleb [*****.]
Gold:   30         SH:  0    Dex:  8    Spells: 15/15 levels left

rFire    . . .     SeeInvis .   B - +7 battleaxe
rCold    + . .     Gourm    .   (shield currently unavailable)
rNeg     + . .     Faith    +   N - +1 plate armour {rC+}
rPois    .         Spirit   .   p - +1 hat
rElec    .         Reflect  .   R - +2 cloak
rCorr    +         Harm     .   Q - +2 pair of gloves {Str+3}
MR       ++...     Rnd*Tele +   x - +2 pair of boots
Stlth    ..........             l - amulet of faith
HPRegen  0.00/turn              P - ring of resist corrosion
MPRegen  0.07/turn              s - +3 ring of strength

@: berserking, corroded, non-regenerating, very quick
A: damage resistance, heal wounds, clumsy 2, low mp 2, negative energy
resistance 1, sense surroundings 2, teleportitis 1, no regeneration
}: 2/15 runes: serpentine, barnacled
a: Heal Wounds, Minor Destruction, Lesser Servant of Makhleb, Major Destruction,
Greater Servant of Makhleb, Renounce Religion


You were on level 2 of the Pits of Slime.
You worshipped Makhleb.
Makhleb was extremely pleased with you.
You were not hungry.

You visited 7 branches of the dungeon, and saw 32 of its levels.
You also visited: Sewer.

You collected 1937 gold pieces.
You spent 1907 gold pieces at shops.

Inventory:

Hand Weapons
 a - a +0 war axe
 g - a +0 hand axe of flaming
 B - a +7 battleaxe (weapon)
Missiles
 z - 2 throwing nets (quivered) {!f}
Armour
 p - a +1 hat (worn)
 x - a +2 pair of boots (worn)
 A - a +4 plate armour
 D - the +1 chain mail "Rilol" {rF+ rN++ rCorr}
   (You found it on level 1 of the Lair of Beasts)

   It protects you from fire.
   It greatly protects you from negative energy.
   It provides partial protection from all sources of acid and corrosion.
 N - a +1 plate armour of cold resistance (worn)
 Q - a +2 pair of gloves of strength (worn)
 R - a +2 cloak (worn)
Jewellery
 l - an amulet of faith (around neck)
 s - a +3 ring of strength (right hand)
 w - an uncursed ring of poison resistance
 O - an uncursed ring of fire
 P - a ring of resist corrosion (left hand)
Wands
 u - a wand of disintegration (10)
 y - a wand of flame (32)
 F - a wand of iceblast (7)
 I - a wand of polymorph (12)
 J - a wand of digging (3)
Scrolls
 i - 3 scrolls of blinking {@r4}
 j - 3 scrolls of magic mapping {@r5 !r}
 k - 3 scrolls of enchant armour
 m - 4 scrolls of teleportation {@r3 !r}
 r - 3 scrolls of fog {!r}
 G - 4 scrolls of identify {@r1}
 M - a scroll of remove curse {@r2}
Potions
 b - a potion of brilliance
 d - 4 potions of might {@q3 !q}
 f - 3 potions of agility {@q5 !q}
 h - 4 potions of curing {@q1 !q}
 n - a potion of lignification {@q6}
 o - a potion of haste {@q4 !q}
 q - a potion of berserk rage
 t - a potion of flight
 v - 2 potions of resistance
 E - 6 potions of heal wounds {@q2 !q}
 H - a potion of invisibility
 K - a potion of ambrosia
 L - a potion of mutation
Comestibles
 e - 23 rations


   Skills:
 + Level 12.3 Fighting
 + Level 17.0 Axes
 + Level 14.4 Armour
 + Level 13.3 Dodging
   Level 6.1 Shields
 - Level 12.0 Invocations
 - Level 6.0 Evocations


You had 15 spell levels left.
You didn't know any spells.
Your spell library contained the following spells:

 Spells                   Type           Power        Failure   Level  Hunger
 Magic Dart               Conj           #...         85%         1    ##.....
 Blink                    Tloc           N/A          94%         2    ###....
 Call Imp                 Summ           #.......     94%         2    ###....
 Slow                     Hex            #.......     94%         2    ###....
 Conjure Flame            Conj/Fire      #.......     99%         3    ####...
 Mephitic Cloud           Conj/Pois/Air  #.......     99%         3    ####...


Dungeon Overview and Level Annotations

Branches:
Dungeon (13/15)            Temple (1/1) D:5            Lair (6/6) D:8
 Shoals (4/4) Lair:4        Snake (4/4) Lair:2        Slime (2/5) Lair:6
    Orc (2/2) D:12          Sewer (visited)
    Elf: Orc:2       Vaults: D:13-14

Altars:
Ashenzari
Dithmenos
Hepliaklqana
Makhleb
Nemelex Xobeh
Okawaru
Ru
Sif Muna
Trog
Uskayaw
Vehumet
Wu Jian
Xom
Yredelemnul
Jiyva

Shops:
D:10 [   Orc:2 =*[(   Shoals:1 :   Shoals:4 !

Annotations:
Lair:4 exclusion: 4 oklob plants


Innate Abilities, Weirdness & Mutations

You are resistant to damage.
You can heal yourself by infusing magical energy.
You resist negative energy. (rN+)
You passively map the area around you.
You do not regenerate.
You are very clumsy. (Dex -4)
Your magical capacity is very low. (-20% MP)
You are occasionally teleported next to monsters.


Message History

The splash of acid hits you. You resist.
You are splashed with acid!
You resist.
The slime creature hits you but does no damage.
The slime creature hits you.
The slime creature quivers.
You hit the slime creature.
The slime creature is severely wounded.
You hit the very large slime creature. You slash the slime creature!
You slice the slime creature!! You barely miss the slime creature.
You slash the acid blob! The acid corrodes you!
Your hands burn!
The slime creature hits you but does no damage.
The acid blob spits acid at you. The splash of acid hits you. You resist.
The acid corrodes you!
You are splashed with acid.
You resist.
* * * LOW HITPOINT WARNING * * *
The slime creature hits you.
* * * LOW HITPOINT WARNING * * *
You slice the very large slime creature!!
The very large slime creature is moderately wounded.
You slash the slime creature! You slash the acid blob!
Your hands burn!
You slash the slime creature! x3
Two slime creatures merge to form a large slime creature.
The acid blob spits acid at you. The splash of acid hits you. You resist.
The acid corrodes you!
You are splashed with acid.
You resist.
* * * LOW HITPOINT WARNING * * *
The slime creature hits you!!
* * * LOW HITPOINT WARNING * * *
The slime creature hits you!
* * * LOW HITPOINT WARNING * * *
The very large slime creature barely misses you.
You hit the very large slime creature.
The very large slime creature is moderately wounded.
You slash the large slime creature! You barely miss the acid blob.
You slice the slime creature!! You slash the slime creature!
Your plate armour prevents you from hitting the slime creature.
The slime creature jiggles.
The slime creature hits you.
* * * LOW HITPOINT WARNING * * *
The eye of draining gazes at you.
An acid blob comes into view.
You hit the shining eye but do no damage.
You slice the slime creature!!
You slash the very large slime creature!
You hit the large slime creature. You slice the acid blob!!
Your hands burn!
You slice the slime creature!!
You kill the slime creature!
Makhleb accepts your kill.
You hit the slime creature. The acid blob closely misses you.
The slime creature hits you.
* * * LOW HITPOINT WARNING * * *
The very large slime creature hits you!!
* * * LOW HITPOINT WARNING * * *
A very large slime creature splits.
You hit the large slime creature but do no damage.
The large slime creature is severely wounded.
You slash the acid blob!
You kill the acid blob!
Makhleb accepts your kill.
You feel better.
Your Axes skill increases to level 17!
You slice the slime creature!!
You kill the slime creature!
Makhleb accepts your kill.
You feel better.
You hit the shining eye. You hit the acid blob but do no damage.
Your hands burn!
* * * LOW HITPOINT WARNING * * *
You hit the very large slime creature.
You hit the large slime creature but do no damage.
The large slime creature is severely wounded.
You hit the shining eye but do no damage.
You slash the acid blob!
Your hands burn!
You barely miss the very large slime creature.
The very large slime creature closely misses you.
A large slime creature splits. x2
Two slime creatures merge to form an enormous slime creature.
The eye of draining gazes at you.
You hit the slime creature.
The slime creature is almost dead.
You slice the enormous slime creature!! You hit the acid blob but do no damage.
Your hands burn!
You slice the shining eye!!
Your plate armour prevents you from hitting the slime creature.
You slash the enormous slime creature! The acid blob hits you!!!
* * * LOW HITPOINT WARNING * * *
You are splashed with acid.
You resist.
* * * LOW HITPOINT WARNING * * *
You hit the slime creature but do no damage.
The slime creature is almost dead.
You slash the enormous slime creature!
You hit the slime creature but do no damage.
You slash the shining eye! You slash the acid blob!
Your hands burn!
You slice the enormous slime creature!!
Two slime creatures merge to form a titanic slime creature.
The enormous slime creature barely misses you.
The slime creature hits you!
* * * LOW HITPOINT WARNING * * *
The acid blob jiggles.
The acid blob hits you but does no damage.
The slime creature hits you!
You die...

* , ............#*
, ,
.............###. ,
*
.................,
................. ,
* ,
.......J.........,
, *
,.......J.....#...,
, .......JJ........
, ......GJJ..#.⌠.*
, , *
.......@J........ ,
, .......JJ....#...
, *
,.......G.........
* *
.#............... ,
*
.................,
*
..........#.....#*
* ................#
............... , ,
*,


You could see 2 acid blobs, a titanic slime creature, an enormous slime
creature, 5 slime creatures, a shining eye and an eye of draining.

Vanquished Creatures
  5 acid blobs
  Frances (D:12)
  7 nagarajas (Snake:4)
  A merfolk javelineer (Shoals:4)
  3 merfolk impalers
  A hydra (Lair:4)
  4 naga warriors
  Harold (D:8)
  7 anacondas
  A merfolk avatar (Shoals:2)
  2 merfolk aquamancers
  A death yak (Lair:5)
  3 two-headed ogres
  A shock serpent (Snake:4)
  5 naga sharpshooters
  Nergalle (Lair:3)
  A salamander mystic (Snake:4)
  5 sea snakes
  An unseen horror (D:11)
  6 naga ritualists
  5 harpies (Shoals:1)
  A deep elf mage (D:12)
  An orc knight (Orc:2)
  2 orc sorcerers (Orc:2)
  9 salamanders
  6 manticores
  5 mana vipers (Snake:2)
  An ugly thing (D:11)
  A cyclops (Orc:2)
  A centaur zombie (D:11)
  9 guardian serpents (Snake:4)
  8 naga magi
  2 water nymphs
  8 black mambas
  A torpor snail (Lair:5)
  9 spiny frogs
  2 rime drakes
  7 komodo dragons
  2 trolls
  8 blink frogs
  4 polar bears
  6 merfolk
  2 hornets (Lair:6)
  17 slime creatures
  2 dream sheep (Lair:6)
  A snapping turtle (Lair:4)
  10 hippogriffs
  A wyvern (D:7)
  3 water elementals
  8 spriggans (Lair:6)
  27 yaks
  2 basilisks
  A steam dragon (D:9)
  A golden eye (Slime:1)
  2 vampire mosquitoes (D:13)
  A hungry ghost (D:12)
  2 wargs
  17 nagas
  2 floating eyes (D:10)
  9 porcupines
  Duvessa (D:7)
  10 water moccasins
  11 orc warriors
  4 sky beasts
  An ice beast (D:10)
  4 black bears
  14 centaurs
  11 wolves (Lair:6)
  A necrophage (D:10)
  9 ogres
  4 boggarts (Lair:6)
  10 crocodiles
  A big kobold (D:9)
  11 bullfrogs
  A wyvern zombie (D:11)
  Dowan (D:7)
  A wyvern skeleton (D:11)
  A scorpion (D:7)
  9 killer bees (D:10)
  9 wights
  2 howler monkeys
  8 crimson imps
  A quasit (D:10)
  3 jellies
  5 orc priests
  A gnoll shaman (D:8)
  2 hounds (D:12)
  10 orc wizards
  4 iguanas
  3 worker ants
  A hound skeleton (D:11)
  2 worker ant zombies
  19 adders
  3 gnolls (D:8)
  3 shadow imps
  2 adder zombies
  2 adder skeletons
  A dart slug (D:4)
  7 leopard geckos
  30 orcs
  6 giant cockroaches
  5 goblins
  5 hobgoblins
  2 jackals (D:9)
  8 kobolds
  2 quokkas
  A ball python (Sewer)
  9 frilled lizards
  A jackal zombie (D:6)
  A quokka skeleton (D:4)
  6 rats
  7 fungi
  2 plants
541 creatures vanquished.

Vanquished Creatures (collateral kills)
  2 acid blobs
  Gastronok (D:10)
  2 nagarajas (Snake:4)
  A frost giant (Shoals:4)
  An orc warlord (Orc:2)
  A stone giant (Orc:2)
  A merfolk javelineer (Shoals:4)
  2 hydras
  4 anacondas (Snake:4)
  A merfolk aquamancer (Shoals:4)
  An orc high priest (Orc:2)
  Urug (Lair:5)
  4 naga sharpshooters (Snake:4)
  A shock serpent (Snake:4)
  A salamander mystic (Snake:3)
  A harpy (Shoals:1)
  A naga ritualist (Snake:2)
  2 orc knights (Orc:2)
  2 salamanders (Snake:3)
  4 orc sorcerers (Orc:2)
  A cyclops (Shoals:4)
  A shining eye (Slime:1)
  An elephant (Lair:6)
  A manticore (Shoals:4)
  3 guardian serpents (Snake:4)
  2 merfolk sirens
  A naga mage (Snake:4)
  4 black mambas
  A water nymph (Shoals:1)
  A kobold demonologist (D:10)
  2 komodo dragons
  2 trolls
  A polar bear (Lair:6)
  5 merfolk
  A wind drake (Shoals:4)
  2 blink frogs (Lair:2)
  2 snapping turtles
  12 slime creatures
  3 spriggans (Lair:6)
  2 water elementals
  3 yaks (Lair:5)
  5 golden eyes (Slime:1)
  A basilisk (Lair:5)
  6 nagas (Snake:4)
  2 wargs (Orc:2)
  2 eyes of draining (Slime:1)
  6 orc warriors (Orc:2)
  8 wolves
  A centaur (Shoals:4)
  A howler monkey (D:12)
  A kobold (D:9)
  A fungus (Orc:2)
  A plant (Lair:1)
120 creatures vanquished.

Vanquished Creatures (others)
  2 nagas
  A kobold (D:9)
  6 fungi
  5 plants
14 creatures vanquished.

Grand Total: 675 creatures vanquished

Notes
Turn   | Place    | Note
-------+----------+-------------------------------------------
     0 | D:1      | EnegeticOcto the Deep Dwarf Fighter began the quest for the
                  | Orb.
     0 | D:1      | Reached XP level 1. HP: 20/20 MP: 1/1
   111 | D:1      | Reached XP level 2. HP: 24/27 MP: 2/2
   218 | D:2      | Reached skill level 3 in Axes
   218 | D:2      | Reached XP level 3. HP: 24/34 MP: 3/3
   401 | D:3      | You fall into a shaft and drop 2 floors!
   401 | D:5      | Entered Level 5 of the Dungeon
   401 | D:5      | Found a glowing drain.
   407 | D:5      | Found a staircase to the Ecumenical Temple.
   427 | D:5      | Reached XP level 4. HP: 41/42 MP: 3/3
   433 | Temple   | Entered the Ecumenical Temple
   441 | Temple   | Became a worshipper of Makhleb the Destroyer
   542 | D:3      | Found a sacrificial altar of Ru.
   628 | D:4      | Noticed an ogre
   638 | D:4      | Killed an ogre
   638 | D:4      | Reached skill level 4 in Axes
   638 | D:4      | Reached XP level 5. HP: 36/49 MP: 4/4
   807 | D:5      | Reached * piety under Makhleb
   814 | D:5      | Reached skill level 1 in Invocations
   819 | D:5      | Reached XP level 6. HP: 42/56 MP: 5/5
   825 | Sewer    | Entered a sewer
   957 | Sewer    | Reached ** piety under Makhleb
  1012 | Sewer    | Reached skill level 5 in Axes
  1083 | D:5      | Noticed a sky beast
  1111 | D:5      | Killed a sky beast
  1111 | D:5      | Reached XP level 7. HP: 38/63 MP: 7/7
  1137 | D:6      | Reached skill level 5 in Shields
  1145 | D:6      | Reached skill level 5 in Armour
  1189 | D:6      | Reached skill level 6 in Axes
  1218 | D:6      | Got a faintly humming buckler
  1229 | D:6      | Identified the +3 buckler of Elyvilon's Delight {rF- Int+10
                  | Stlth+} (You found it on level 6 of the Dungeon)
  1388 | D:6      | Reached XP level 8. HP: 48/73 MP: 8/8
  1403 | D:7      | Noticed Dowan
  1407 | D:7      | Noticed Duvessa
  1418 | D:7      | Killed Duvessa
  1419 | D:7      | Killed Dowan
  1505 | D:8      | Reached skill level 7 in Axes
  1629 | D:7      | Reached *** piety under Makhleb
  1629 | D:7      | Reached skill level 5 in Fighting
  1629 | D:7      | Reached skill level 5 in Invocations
  1794 | D:8      | Reached skill level 8 in Axes
  1794 | D:8      | Gained mutation: You passively map the area around you.
                  | [Deep Dwarf growth]
  1794 | D:8      | Reached XP level 9. HP: 67/81 MP: 9/11
  1832 | D:8      | Reached skill level 1 in Dodging
  1927 | D:9      | Noticed a troll
  1936 | D:9      | Killed a troll
  2029 | D:8      | Noticed Harold
  2041 | D:8      | Killed Harold
  2041 | D:8      | Reached skill level 9 in Axes
  2139 | D:10     | Entered Level 10 of the Dungeon
  2190 | D:10     | Reached **** piety under Makhleb
  2224 | D:10     | Found Joodub's Antique Armour Shop.
  2237 | D:10     | Bought a bronze chain mail for 247 gold pieces
  2237 | D:10     | Identified the +1 chain mail "Paiz" {+Inv rElec Str-2} (You
                  | bought it in a shop on level 10 of the Dungeon)
  2262 | D:10     | Reached XP level 10. HP: 91/91 MP: 12/12
  2342 | D:10     | Reached skill level 10 in Axes
  2453 | D:10     | Noticed Gastronok
  2461 | D:10     | Killed Gastronok
  2461 | D:10     | Reached skill level 5 in Dodging
  2648 | D:8      | Found a staircase to the Lair.
  2671 | Lair:1   | Entered Level 1 of the Lair of Beasts
  2696 | Lair:1   | Reached skill level 11 in Axes
  2698 | Lair:1   | Noticed a spiny frog
  2708 | Lair:1   | Reached XP level 11. HP: 86/99 MP: 14/14
  2715 | Lair:1   | Reached ***** piety under Makhleb
  2772 | Lair:1   | Identified the +1 chain mail "Rilol" {rF+ rN++ rCorr} (You
                  | found it on level 1 of the Lair of Beasts)
  3210 | Lair:2   | Found a staircase to the Snake Pit.
  3415 | Lair:2   | You fall into a shaft and drop 2 floors!
  3434 | Lair:4   | Reached skill level 12 in Axes
  3473 | Lair:4   | Noticed an oklob plant
  3475 | Lair:4   | Noticed an oklob plant
  3475 | Lair:4   | Noticed an oklob plant
  3477 | Lair:4   | Noticed an oklob plant
  3571 | Lair:3   | Noticed Nergalle
  3579 | Lair:3   | Killed Nergalle
  3632 | Lair:3   | Reached skill level 10 in Invocations
  3713 | Lair:4   | Noticed an eight-headed hydra
  3732 | Lair:4   | Reached XP level 12. HP: 41/110 MP: 15/15
  3747 | Lair:4   | Killed a nine-headed hydra
  3820 | Lair:5   | Noticed Urug
  3833 | Lair:5   | Killed Urug
  3923 | Lair:6   | Entered Level 6 of the Lair of Beasts
  3959 | Lair:6   | Reached skill level 13 in Axes
  3962 | Lair:6   | Reached skill level 10 in Armour
  4094 | Lair:6   | Noticed an eight-headed hydra
  4102 | Lair:6   | HP: 2/112 [spiny frog[a boggart] (15)]
  4215 | Lair:6   | Found a viscous altar of Jiyva.
  4216 | Lair:6   | Found a staircase to the Slime Pits.
  4231 | Lair:6   | Reached XP level 13. HP: 119/120 MP: 16/16
  4233 | Lair:6   | Reached ****** piety under Makhleb
  4247 | Lair:6   | Reached skill level 14 in Axes
  4404 | Lair:6   | Found the +3 giant club "Skullcrusher" {speed, Str+7}
  4673 | Lair:4   | Found a staircase to the Shoals.
  4685 | Shoals:1 | Entered Level 1 of the Shoals
  4685 | Shoals:1 | Noticed a merfolk impaler
  4698 | Shoals:1 | Killed a merfolk impaler
  4726 | Shoals:1 | Found Satrudgh's Book Shoppe.
  4774 | Shoals:1 | Reached skill level 1 in Evocations
  5029 | Shoals:4 | Entered Level 4 of the Shoals
  5210 | Shoals:4 | Noticed a merfolk javelineer
  5215 | Shoals:4 | Killed a merfolk javelineer
  5232 | Shoals:4 | Noticed a merfolk impaler
  5234 | Shoals:4 | Noticed a green death
  5243 | Shoals:4 | Killed a merfolk impaler
  5244 | Shoals:4 | Reached skill level 10 in Dodging
  5248 | Shoals:4 | Noticed a frost giant
  5251 | Shoals:4 | Noticed a merfolk javelineer
  5260 | Shoals:4 | Killed a frost giant
  5263 | Shoals:4 | Killed a merfolk javelineer
  5263 | Shoals:4 | Gained mutation: You resist negative energy. (rN+) [Deep
                  | Dwarf growth]
  5263 | Shoals:4 | Reached XP level 14. HP: 90/130 MP: 10/10
  5297 | Shoals:4 | Got a barnacled rune of Zot
  5320 | Shoals:4 | Reached skill level 5 in Evocations
  5349 | Shoals:4 | Found Plog's Distillery.
  5357 | Shoals:4 | Bought a potion of heal wounds for 50 gold pieces
  5357 | Shoals:4 | Bought a potion of haste for 100 gold pieces
  5357 | Shoals:4 | Bought a potion of heal wounds for 50 gold pieces
  5357 | Shoals:4 | Bought a potion of invisibility for 80 gold pieces
  5357 | Shoals:4 | Bought a potion of might for 40 gold pieces
  5357 | Shoals:4 | Bought a potion of heal wounds for 50 gold pieces
  5357 | Shoals:4 | Bought a potion of berserk rage for 50 gold pieces
  5357 | Shoals:4 | Bought a potion of ambrosia for 80 gold pieces
  5357 | Shoals:4 | Bought a potion of mutation for 80 gold pieces
  5357 | Shoals:4 | Bought a potion of curing for 30 gold pieces
  5357 | Shoals:4 | Bought a potion of curing for 30 gold pieces
  5644 | Snake:1  | Entered Level 1 of the Snake Pit
  5665 | Snake:1  | Reached skill level 10 in Fighting
  5665 | Snake:1  | Reached skill level 15 in Axes
  5928 | Snake:4  | Entered Level 4 of the Snake Pit
  6045 | Snake:4  | Noticed a nagaraja
  6062 | Snake:4  | Killed a nagaraja
  6088 | Snake:4  | Noticed a nagaraja
  6097 | Snake:4  | Killed a nagaraja
  6106 | Snake:4  | Noticed a nagaraja
  6114 | Snake:4  | Killed a nagaraja
  6122 | Snake:4  | Noticed a nagaraja
  6127 | Snake:4  | Killed a nagaraja
  6132 | Snake:4  | Noticed a nagaraja
  6132 | Snake:4  | Reached XP level 15. HP: 108/141 MP: 9/9
  6134 | Snake:4  | Killed a nagaraja
  6139 | Snake:4  | Noticed a nagaraja
  6153 | Snake:4  | Reached skill level 16 in Axes
  6154 | Snake:4  | Killed a nagaraja
  6253 | Snake:4  | Noticed a nagaraja
  6259 | Snake:4  | Noticed a nagaraja
  6267 | Snake:4  | Killed a nagaraja
  6300 | Snake:4  | Noticed a nagaraja
  6319 | Snake:4  | Got a serpentine rune of Zot
  6359 | Snake:4  | Killed a nagaraja
  6365 | Snake:4  | Killed a nagaraja
  6918 | D:12     | Found a staircase to the Orcish Mines.
  6923 | Orc:1    | Entered Level 1 of the Orcish Mines
  7038 | Orc:2    | Entered Level 2 of the Orcish Mines
  7157 | Orc:2    | Found Jydd's Antique Weapon Shop.
  7228 | Orc:2    | Found Zeedecwa's Antique Armour Shop.
  7342 | Orc:2    | Found Avaiggoewk's General Store.
  7418 | Orc:2    | Found Royplun's Jewellery Emporium.
  7418 | Orc:2    | Noticed an orc warlord
  7431 | Orc:2    | Killed an orc warlord
  7451 | Orc:2    | Bought an uncursed ring of fire for 350 gold pieces
  7451 | Orc:2    | Bought an uncursed ring of resist corrosion for 280 gold
                  | pieces
  7529 | D:13     | Noticed Frances
  7560 | D:12     | Killed Frances
  7819 | D:10     | Bought a pair of glowing gloves for 195 gold pieces
  8154 | D:10     | Bought a glowing cloak for 195 gold pieces
  8385 | Slime:1  | Entered Level 1 of the Pits of Slime
  8424 | Slime:1  | Noticed an acid blob
  8432 | Slime:1  | Killed an acid blob
  8432 | Slime:1  | Reached XP level 16. HP: 152/152 MP: 4/4
  8438 | Slime:1  | Gained mutation: You are clumsy. (Dex -2) [a shining eye]
  8439 | Slime:1  | Gained mutation: You are very clumsy. (Dex -4) [a shining
                  | eye]
  8443 | Slime:1  | Gained mutation: Your magical capacity is low. (-10% MP) [a
                  | shining eye]
  8464 | Slime:1  | Noticed an acid blob
  8473 | Slime:1  | Killed an acid blob
  8480 | Slime:1  | Noticed an acid blob
  8487 | Slime:1  | Killed an acid blob
  8514 | Slime:2  | Noticed an acid blob
  8517 | Slime:2  | Noticed an acid blob
  8520 | Slime:2  | Noticed an acid blob
  8521 | Slime:2  | Killed an acid blob
  8525 | Slime:2  | Killed an acid blob
  8527 | Slime:2  | Killed an acid blob
  8535 | Slime:2  | Noticed an acid blob
  8535 | Slime:2  | Gained mutation: You are occasionally teleported next to
                  | monsters. [a shining eye]
  8540 | Slime:2  | Gained mutation: Your magical capacity is very low. (-20%
                  | MP) [a shining eye]
  8542 | Slime:2  | Noticed an acid blob
  8544 | Slime:2  | Noticed an acid blob
  8552 | Slime:2  | Noticed an acid blob
  8553 | Slime:2  | HP: 6/229 [very large slime creature (25)]
  8554 | Slime:2  | Killed an acid blob
  8554 | Slime:2  | Reached skill level 17 in Axes
  8557 | Slime:2  | Slain by a slime creature

Levels and vault maps discovered:
D:1:      minmay_arrival_shoal_huts, layout_basic
D:2:      layout_rooms, corexii_item_surrounded_by_moat,
          kennysheep_generic_room_14
D:3:      layout_loops_corners, nicolae_ru_great_annihilating_truth
D:4:      layout_loops_ring, nicolae_gozag_cash_rules_everything_around_me
D:5:      layout_rooms, minmay_temple_entry_slanted, basic_altar,
          gup_sewer_entry_glass, first_ration
D:6:      layout_basic, serial_shops, nicolae_shop_trees, uniq_pikel
D:7:      layout_rooms, uniq_duvessa
D:8:      layout_basic, grunt_lair_entry_orc_guard_hut, grunt_ministairs_11,
          uniq_harold
D:9:      layout_rooms, grunt_ogre_cave
D:10:     layout_roguey, serial_shops, nicolae_shop_statue_plus,
          onia_ninara_cookie, uniq_gastronok
D:11:     layout_stronghold
D:12:     layout_basic, orc_0_dummy
D:13:     layout_stronghold, elyvilon_altar_4, uniq_frances
Temple:   dpeg_three_leaves_temple
Lair:1:   layout_gridlike, serial_bayou_shore_a, infiniplex_staircase_pool
Lair:2:   layout_roguey, guppyfry_snake_entry_garden, st_stairs_12
Lair:3:   layout_small_grid, uniq_nergalle, uniq_snorg
Lair:4:   layout_cave_shapes, minmay_shoals_entry_hut, serial_forest,
          infiniplex_forest_lined_4_way, infiniplex_forest_clump_medium,
          infiniplex_forest_zigzag_2, infiniplex_forest_straight_1,
          infiniplex_forest_lined_3, minmay_lair_oklob_chamber
Lair:5:   layout_regular_city, minmay_hedge_maze, grunt_megastairs_5, uniq_urug
Lair:6:   minmay_lair_end_enchanted_forest, layout_hall_layers, slime_altar_1,
          hangedman_lair_unloving_vines, lemuel_centaur_altar
Shoals:1: cheibrodos_shoals_roost, layout_shoals, serial_shops, shop,
          uniq_donald, uniq_nikola, uniq_jorgrun
Shoals:2: layout_shoals, ebering_ghost_rock_garden, uniq_polyphemus
Shoals:3: layout_shoals, uniq_ilsuiw
Shoals:4: shoals_end_grunt_ice, layout_shoals, shoals_ilsuiw_alternative,
          serial_shops, nicolae_shop_waterfront
Snake:1:  layout_basic, uniq_aizul
Snake:2:  layout_misc_corridors, uniq_vashnia, uniq_asterion
Snake:3:  layout_misc_corridors
Snake:4:  grunt_snake_rune_serpentine_throne, layout_misc_corridors,
          grunt_megastairs_2, lemuel_fruit_tree, serial_bayou_shore_b
Slime:1:  cheibrodos_slime_lost_civilization_8, layout_caves
Slime:2:  layout_caves, cheibrodos_slime_lost_civilization_7
Orc:1:    layout_caves, mines2_david, uniq_erolcha
Orc:2:    grunt_orc_gardens, layout_caves, grunt_orc_garden, grunt_orc_garden,
          grunt_orc_garden, grunt_orc_garden

Skill      XL: |  1  2  3  4  5  6  7  8  9 10 11 12 13 14 15 16 |
---------------+-------------------------------------------------+-----
Fighting       | 3 4 5 6 7 8 9 11 12 | 12.3
Axes           | 3 4 5 6 8 9 11 12 13 14 15 16 17 | 17.0
Armour         | 4 5 6 7 8 9 10 11 12 14 | 14.4
Shields        | 4 5 6 |  6.1
Invocations    | 1 2 3 5 6 8 10 11 12 | 12.0
Dodging        | 3 5 7 8 10 11 12 13 | 13.3
Evocations     | 4 6 |  6.0

Action                   |  1- 3 |  4- 6 |  7- 9 | 10-12 | 13-15 | 16-18 || total
-------------------------+-------+-------+-------+-------+-------+-------++-------
Melee: War axe           |    80 |   142 |   157 |       |       |       ||   379
       Battleaxe         |       |       |   104 |   429 |   764 |    54 ||  1351
Throw: Throwing net      |       |       |     1 |     1 |     7 |       ||     9
Invok: Minor Destruction |       |       |     5 |       |       |       ||     5
       Lesser Servant of |       |       |     2 |    11 |    23 |     4 ||    40
       Major Destruction |       |       |       |     2 |       |       ||     2
       Greater Servant o |       |       |       |       |    12 |     4 ||    16
 Abil: Heal Wounds       |     1 |     1 |     6 |    15 |    36 |       ||    59
Evoke: Wand              |       |       |       |     3 |    16 |       ||    19
  Use: Scroll            |       |     7 |    11 |    10 |     7 |       ||    35
       Potion            |       |       |     1 |       |     7 |     3 ||    11
 Stab: Invisible         |       |     1 |       |       |     5 |       ||     6
       Paralysed         |       |     1 |       |       |       |       ||     1
       Distracted        |       |       |       |     1 |    12 |     2 ||    15
  Eat: Chunk             |       |     1 |     5 |     7 |     4 |       ||    17
       Ration            |       |       |       |       |     4 |       ||     4
Armor: Scale mail        |    41 |    75 |   149 |    22 |       |       ||   287
       Plate armour      |       |       |       |   409 |   654 |    19 ||  1082
Dodge: Dodged            |    31 |    57 |   131 |   369 |   630 |    17 ||  1235
Block: Shield            |    53 |    80 |    84 |       |       |       ||   217
